 Dungeon Crawl Stone Soup version 0.22.0-60-ga52c2fcf6e (webtiles) character file.

152 Drachen the Sneak (level 5, -1/36 HPs)
             Began as an Octopode Fighter on Sept 10, 2018.
             Killed from afar by an orc wizard (10 damage)
             ... with a puff of frost
             ... on level 3 of the Dungeon.
             The game lasted 00:03:17 (2603 turns).

Drachen the Sneak (Octopode Fighter)                Turns: 2603, Time: 00:03:18

Health: -1/36      AC:  1    Str: 15    XL:     5   Next: 34%
Magic:  5/5        EV: 12    Int: 11    God:
Gold:   93         SH:  9    Dex: 12    Spells: 4/4 levels left

rFire    . . .     SeeInvis .   a - +0 long sword
rCold    . . .     Gourm    .   b - +0 shield
rNeg     . . .     Faith    .   (helmet restricted)
rPois    .         Spirit   .   (no amulet)
rElec    .         Reflect  .   (no ring)
rCorr    .         Harm     .   (no ring)
MR       .....                  (no ring)
Stlth    ++++......             (no ring)
HPRegen  0.12/turn              (no ring)
MPRegen  0.09/turn              (no ring)
                                (no ring)
                                (no ring)

@: no status effects
A: almost no armour, stealthy swim, amphibious, 8 rings, constrict 8, camouflage
1, gelatinous body 1
a: no special abilities


You were on level 3 of the Dungeon.
You were not hungry.

You visited 1 branch of the dungeon, and saw 3 of its levels.

You collected 93 gold pieces.

Inventory:

Hand Weapons
 a - a +0 long sword (weapon)
Missiles
 q - a throwing net (quivered)
Armour
 b - a +0 shield (worn)
Wands
 t - a wand of paralysis (10)
Scrolls
 e - 2 scrolls of amnesia {unknown}
 g - 3 scrolls of identify {unknown}
 h - 4 scrolls of teleportation {unknown}
 j - a scroll of fog {unknown}
 l - a scroll of immolation {unknown}
 m - 3 scrolls of enchant armour {unknown}
 o - a scroll of blinking {unknown}
 p - a scroll of noise {unknown}
Potions
 c - a potion of might
 f - a potion of haste {unknown}
 i - a potion of flight {unknown}
 k - a potion of magic {unknown}
 n - a potion of lignification {unknown}
 r - a potion of cancellation {unknown}
 s - 2 potions of agility {unknown}
Comestibles
 d - 7 rations


   Skills:
 - Level 3.0 Fighting
 + Level 2.7 Long Blades
 + Level 3.5 Dodging
 - Level 5.0 Stealth
 + Level 3.5 Shields


You had 4 spell levels left.
You didn't know any spells.
Your spell library was empty.

Dungeon Overview and Level Annotations

Branches:
Dungeon (3/15)

Altars:


Innate Abilities, Weirdness & Mutations

You cannot wear most types of armour.
You are very stealthy in the water. (Stealth+)
You are amphibious.
You can wear up to eight rings at the same time.
You can use your tentacles to constrict eight enemies at once.
Your skin changes colour to match your surroundings (Stealth+).
Your rubbery body absorbs attacks. (AC +1, EV +1)


Message History

You slash the orc!
You kill the orc!
Something hits you.
You hit something. Something hits you.
You hear some strange, mumbled words.
A puff of frost appears from out of thin air!
The puff of frost hits you!
You miss something. You squeeze something!
Something hits you but does no damage. Something hits you.
You closely miss something.
You hear some strange, mumbled words.
A magic dart appears from out of thin air!
The magic dart hits you!
* * * LOW HITPOINT WARNING * * *
Something barely misses you.
You hit something. Something hits you but does no damage.
You hear some strange, mumbled words.
A puff of frost appears from out of thin air!
The puff of frost hits you!
You die...

#. ##.. ##...
..... ..... #####
#########
........# #@#
######{#######
#......#.....#
#......#.....#
#......#.$...#####
#................#
################.#
#.# #.#


There were no monsters in sight!

Vanquished Creatures
  An orc wizard (D:3)
  4 gnolls (D:2)
  2 adders (D:3)
  2 worms (D:2)
  A dart slug (D:3)
  2 leopard geckos
  An orc (D:3)
  3 giant cockroaches
  3 goblins (D:1)
  7 hobgoblins
  7 jackals (D:1)
  A quokka (D:2)
  9 bats
  4 frilled lizards
  6 kobolds
  4 rats
57 creatures vanquished.

Notes
Turn   | Place    | Note
-------+----------+-------------------------------------------
     0 | D:1      | Drachen the Octopode Fighter began the quest for the Orb.
     0 | D:1      | Reached XP level 1. HP: 16/16 MP: 1/1
    81 | D:1      | Reached skill level 1 in Stealth
   217 | D:1      | Reached skill level 2 in Stealth
   234 | D:1      | Reached XP level 2. HP: 19/21 MP: 2/2
   317 | D:1      | Reached skill level 3 in Stealth
   617 | D:1      | Reached XP level 3. HP: 26/26 MP: 3/3
   860 | D:2      | Reached skill level 4 in Stealth
  1407 | D:2      | Reached skill level 5 in Stealth
  1540 | D:2      | Reached XP level 4. HP: 28/31 MP: 4/4
  2460 | D:3      | Reached XP level 5. HP: 32/36 MP: 5/5
  2603 | D:3      | Killed from afar by an orc wizard

Skill      XL: |  1  2  3 |
---------------+----------+-----
Stealth        | 2 3 5 |  5.0
Fighting       | |  3.0
Long Blades    | |  2.7
Dodging        | |  3.5
Shields        | |  3.5

Action                   |  1- 3 |  4- 6 || total
-------------------------+-------+-------++-------
Melee: Long sword        |    69 |    41 ||   110
       Constrict         |    20 |    12 ||    32
       Tentacles         |     7 |    15 ||    22
 Stab: Sleeping          |     7 |     4 ||    11
  Eat: Chunk             |     2 |       ||     2
       Ration            |       |     1 ||     1
Armor: Skin              |    12 |     4 ||    16
Dodge: Dodged            |    40 |    16 ||    56
Block: Shield            |    42 |    17 ||    59
       Rpst.: Long sword |    10 |     7 ||    17
